Map: Persephone LE

Players

Lambo

  • Race: Zerg Zerg
  • Spawn Location: 11:00

Reynor - Winner!

  • Race: Zerg Zerg
  • League: Master
  • Spawn Location: 7:00

Event: FEL Cracov 2025

VOD

Have the link to the VOD?

Description

Time

  • Played on: July 27, 2025, 11:50 a.m.
  • Length: 10:30

All games in this series

Show
View Real Time Build Order
Export as new Build Order

Lambo Zerg 

Build Orders: Hatch First 

Get SALT Encoding   

  12  0:00  Drone  
  13  0:08  Drone  
  14  0:15  Extractor, Drone  
  15  0:22  Overlord  
  15  0:40  Drone  
  16  0:45  Hatchery  
  16  0:49  Drone  
  16  0:51  Drone  
  16  0:56  Drone  
  18  1:06  Extractor  
  18  1:10  Spawning Pool  
  16  1:14  Drone  
  16  1:18  Drone  
  18  1:27  Drone  
  19  1:37  Drone  
  20  1:48  Drone  
  21  1:57  Queen x2  
  21  1:58  Zergling x2  
  21  1:59  Overlord  
  26  2:07  Drone  
  27  2:09  Drone  
  27  2:10  Metabolic Boost  
  28  2:18  Drone  
  28  2:20  Zergling x2  
  30  2:29  Drone  
  31  2:31  Drone  
  31  2:36  Hatchery  
  31  2:39  Drone  
  32  2:44  Baneling Nest  
  32  2:48  Overlord  
  31  2:53  Drone  
  31  2:55  Drone  
  33  3:05  Zergling x6  
  36  3:07  Zergling x6  
  36  3:09  Zergling x2  
  36  3:11  Zergling x2  
  40  3:22  Zergling x4  
  42  3:29  Overlord  
  42  3:31  Drone  
  43  3:40  Baneling x4  
  43  3:47  Queen  
  45  3:48  Drone x7  
  45  3:50  Baneling  
  45  3:52  Drone x2  
  54  4:00  Drone  
  54  4:01  Drone  
  54  4:03  Drone  
  54  4:09  Roach Warren  
  54  4:12  Drone x3  
  54  4:14  Extractor, Overlord  
  56  4:19  Drone x2  
  58  4:29  Lair  
  58  4:32  Extractor  
  58  4:37  Drone x7  
  61  4:38  Drone  
  61  4:43  Drone x2  
  61  4:45  Drone  
  61  4:51  Drone x3  
  65  4:56  Overlord  
  65  4:58  Overlord  
  65  5:01  Overlord  
  65  5:02  Overlord  
  65  5:05  Overlord  
  65  5:11  Overlord  
  58  5:15  Roach x3  
  58  5:17  Drone x2  
  66  5:22  Drone, Extractor  
  66  5:25  Drone x2  
  66  5:26  Drone  
  69  5:29  Extractor x2, Drone x2  
  69  5:34  Spire  
  68  5:38  Drone x2  
  68  5:39  Drone  
  68  5:40  Drone  
  72  5:44  Drone x3  
  72  5:49  Drone x2  
  77  5:56  Drone  
  78  5:59  Drone x2  
  78  6:02  Overlord  
  82  6:06  Overlord  
  82  6:07  Roach  
  82  6:10  Roach x2  
  88  6:13  Roach  
  88  6:16  Roach x2  
  93  6:20  Roach x2  
  93  6:22  Roach x2  
  99  6:26  Spine Crawler  
  99  6:29  Spine Crawler, Roach  
  93  6:42  Overlord  
  93  6:47  Mutalisk x7  
  93  6:51  Mutalisk  
  109  6:56  Evolution Chamber  
  109  7:00  Mutalisk x2  
  114  7:03  Zerg Flyer Weapons Level 1, Overlord  
  114  7:04  Overlord  
  114  7:08  Overlord  
  114  7:13  Overlord  
  113  7:21  Overlord  
  113  7:22  Zerg Melee Weapons Level 1  
  113  7:23  Queen  
  113  7:24  Centrifugal Hooks  
  113  7:25  Hatchery  
  113  7:26  Mutalisk  
  113  7:28  Drone x4  
  113  7:29  Drone  
  120  7:30  Drone  
  120  7:32  Mutalisk  
  123  7:37  Glial Reconstitution  
  123  7:39  Mutalisk  
  123  7:42  Zergling x2  
  123  7:43  Zergling x6  
  129  7:47  Mutalisk  
  129  7:49  Overlord  
  131  7:54  Mutalisk  
  131  7:56  Overlord  
  133  8:00  Mutalisk  
  133  8:01  Overlord  
  133  8:05  Mutalisk  
  137  8:10  Mutalisk  
  137  8:13  Zergling x14  
  142  8:26  Mutalisk x2  
  146  8:27  Overseer  
  146  8:29  Zergling x6  
  146  8:33  Zergling x6, Extractor  
  151  8:36  Baneling x6, Extractor  
  151  8:38  Overlord  
  150  8:45  Mutalisk  
  152  8:51  Zergling x18  
  152  8:54  Overlord  
  159  8:58  Overlord  
  159  9:00  Baneling x6, Mutalisk  
  161  9:04  Zergling x8  
  165  9:10  Zergling x8  
  163  9:19  Zergling x4  
  163  9:20  Mutalisk x3  
  163  9:21  Mutalisk  
  163  9:22  Zergling x8  
  177  9:25  Baneling x6  
  177  9:29  Spine Crawler  
  170  9:31  Mutalisk  
  170  9:33  Zergling x4  
  170  9:34  Overseer  
  170  9:37  Mutalisk  
  150  9:50  Zergling x14  
  115  9:56  Mutalisk  
  115  9:59  Zergling x2  
Show
View Real Time Build Order
Export as new Build Order

Reynor Zerg - Winner!

Build Orders: Hatch First, Roach Hydra 

Get SALT Encoding   

  12  0:00  Drone  
  13  0:08  Drone  
  14  0:15  Extractor, Drone  
  15  0:21  Overlord  
  15  0:39  Drone  
  16  0:45  Hatchery  
  16  0:49  Drone  
  16  0:52  Drone  
  16  0:56  Drone  
  18  1:06  Extractor  
  17  1:11  Spawning Pool  
  17  1:14  Drone  
  17  1:17  Drone  
  18  1:26  Drone  
  19  1:37  Drone  
  20  1:48  Drone  
  21  1:58  Zergling x2, Queen x2  
  21  1:59  Drone  
  27  2:09  Overlord  
  27  2:10  Drone  
  27  2:11  Metabolic Boost  
  28  2:22  Extractor, Zergling x2  
  28  2:29  Drone x2  
  31  2:32  Drone  
  31  2:35  Queen  
  34  2:46  Hatchery  
  33  2:51  Overlord  
  33  2:53  Drone  
  33  2:55  Drone  
  35  2:58  Drone  
  35  3:03  Baneling Nest  
  35  3:04  Drone  
  36  3:15  Zergling x2  
  36  3:16  Zergling x8  
  36  3:19  Overlord  
  41  3:22  Drone  
  41  3:24  Drone  
  41  3:26  Drone  
  43  3:34  Overlord  
  43  3:39  Roach Warren, Zergling x2  
  43  3:40  Zergling x2  
  44  3:47  Baneling x2  
  44  3:50  Baneling x2  
  44  3:51  Zergling x2  
  44  3:52  Zergling x6  
  47  3:56  Zergling x4  
  47  4:00  Drone  
  47  4:01  Drone  
  49  4:05  Overlord  
  49  4:06  Drone  
  50  4:11  Drone  
  50  4:15  Drone  
  52  4:21  Roach x4  
  52  4:22  Roach  
  62  4:26  Overlord  
  61  4:31  Drone x2  
  61  4:32  Drone  
  61  4:36  Drone  
  63  4:39  Drone  
  63  4:44  Drone x2  
  62  4:47  Evolution Chamber  
  60  4:53  Baneling x2, Drone  
  60  4:54  Drone x6  
  60  4:58  Drone, Extractor  
  60  4:59  Extractor  
  66  5:01  Overlord  
  66  5:02  Drone  
  66  5:03  Drone  
  68  5:12  Drone  
  66  5:14  Drone x2  
  66  5:16  Zerg Missile Weapons Level 1, Zergling x4  
  66  5:17  Zergling x2  
  71  5:23  Extractor  
  71  5:24  Roach  
  71  5:26  Drone x3  
  75  5:29  Zergling x4  
  75  5:35  Extractor  
  76  5:38  Drone x2  
  76  5:39  Drone, Lair  
  76  5:40  Roach  
  76  5:41  Roach  
  83  5:45  Roach  
  83  5:48  Roach  
  87  5:50  Overlord  
  87  5:51  Roach  
  89  5:57  Overlord  
  89  5:59  Overlord  
  89  6:02  Drone  
  89  6:03  Overlord  
  90  6:06  Overlord, Extractor  
  90  6:09  Drone x2  
  90  6:10  Drone x3  
  96  6:12  Overlord  
  96  6:13  Drone x2  
  96  6:14  Ravager x2  
  96  6:15  Overlord  
  96  6:16  Drone  
  96  6:18  Ravager x2  
  100  6:19  Drone  
  100  6:25  Drone  
  102  6:35  Roach x5  
  102  6:38  Glial Reconstitution  
  102  6:39  Overseer  
  112  6:42  Roach x2  
  112  6:44  Hatchery  
  112  6:45  Drone  
  116  6:47  Overlord  
  116  6:48  Roach x2  
  116  6:51  Roach  
  116  6:52  Roach  
  124  6:54  Pneumatized Carapace  
  124  6:59  Roach x2  
  124  7:00  Roach  
  124  7:01  Roach  
  132  7:03  Overlord  
  132  7:10  Roach x3  
  132  7:11  Roach  
  132  7:13  Zerg Missile Weapons Level 2  
  132  7:15  Overlord  
  140  7:22  Drone, Hydralisk Den  
  140  7:24  Drone  
  140  7:25  Spore Crawler  
  140  7:27  Drone  
  140  7:28  Spore Crawler  
  136  7:33  Drone, Spore Crawler  
  136  7:35  Spore Crawler, Drone  
  136  7:38  Overseer  
  136  7:44  Drone  
  136  7:46  Drone  
  136  7:48  Overlord  
  136  7:49  Burrow  
  136  7:50  Spore Crawler, Hydralisk x3  
  136  7:51  Hydralisk  
  143  7:55  Grooved Spines  
  143  7:56  Tunneling Claws  
  143  7:57  Hydralisk, Spore Crawler  
  146  8:03  Overlord  
  146  8:06  Hydralisk x4  
  146  8:09  Drone  
  146  8:11  Queen  
  154  8:19  Hydralisk x3  
  156  8:31  Hydralisk x3  
  156  8:32  Overlord  
  156  8:34  Hydralisk x2  
  166  8:42  Hydralisk x2  
  166  8:44  Overlord  
  170  8:53  Drone x4  
  174  8:57  Lurker Den  
  174  8:58  Drone, Spore Crawler  
  173  9:06  Overlord  
  173  9:07  Hydralisk x4  
  181  9:17  Muscular Augments, Hatchery  
  178  9:24  Roach x2  
  178  9:25  Roach x2, Overlord  
  178  9:28  Hydralisk  
  178  9:29  Hydralisk x2  
  187  9:37  Overlord  
  187  9:43  Roach x8  
  176  9:48  Hydralisk  
  176  9:49  Hydralisk x2  
  176  9:51  Roach  
  142  9:57  Hydralisk  
  114  10:01  Hydralisk x2  
  114  10:02  Roach  
  114  10:04  Roach x2, Hydralisk x2  
Tags
 
Add a new tag
Caveats
  • Supply blocks, unpowered buildings, or Contaminate may cause inaccurate times.
  • Supply counts are checked every 10 seconds.